 Dungeon Crawl Stone Soup version 0.17-a0-2073-gde5cdba (webtiles) character file.

56 st0uf the Magician (level 3, 0/24 HPs)
             Began as a Mummy Wizard on Oct 15, 2015.
             Killed from afar by an orc wizard (12 damage)
             ... with a puff of flame
             ... on level 3 of the Dungeon.
             The game lasted 00:11:04 (3093 turns).

st0uf the Magician (Mummy Wizard)                   Turns: 3093, Time: 00:11:04

Health: 0/24       AC:  2    Str: 10    XL:     3   Next: 71%
Magic:  8/8        EV: 12    Int: 18    God:
Gold:   97         SH:  0    Dex: 10    Spells: 1 memorised, 8 levels left

rFire  x . .     SeeInvis .     (no weapon)
rCold  + . .     Clarity  .     a - +0 robe
rNeg   + + +     SustAt   .     (no shield)
rPois  ∞         Gourm    .     b - +0 hat
rElec  .         Spirit   .     (no cloak)
rCorr  .         Warding  .     (no gloves)
rMut   .         Stasis   .     (no boots)
MR     .....                    (no amulet)
Stlth  ++........               (no ring)
                                (no ring)

@: not resistant to hostile enchantments, unstealthy
A: no food or potions, fire vulnerability, cold resistance 1, negative energy
resistance 3, torment resistance, unbreathing
a: no special abilities


You were on level 3 of the Dungeon.
You were not hungry.

You visited 1 branch of the dungeon, and saw 3 of its levels.

You collected 97 gold pieces.

Inventory:

Armour
 a - a +0 robe (worn)
 b - a +0 hat (worn)
Scrolls
 d - 2 scrolls of amnesia {unknown}
 e - 6 scrolls of teleportation {unknown}
 f - a scroll of blinking {unknown}
 g - a scroll of fear {unknown}
 h - a scroll of enchant armour {unknown}
 i - a scroll of identify {unknown}
Books
 c - a book of Minor Magic

   Spells                             Type                      Level
   a - Magic Dart                     Conjuration                  1
   b - Blink                          Translocation                2
   c - Call Imp                       Summoning                    2
   d - Repel Missiles                 Charms/Air                   2
   e - Slow                           Hexes                        2
   f - Conjure Flame                  Conjuration/Fire             3
   g - Mephitic Cloud                 Conjuration/Poison/Air       3


   Skills:
 - Level 1.5 Dodging
 - Level 1.5 Stealth
 + Level 3.7 Spellcasting
 + Level 2.2 Conjurations
   Level 0.7 Summonings
   Level 0.7 Translocations


You had 8 spell levels left.
You knew the following spells:

 Your Spells              Type           Power        Failure   Level  Hunger
a - Magic Dart            Conj           ##..         8%          1    N/A

Dungeon Overview and Level Annotations

Branches:
Dungeon (3/15)

Altars:


Innate Abilities, Weirdness & Mutations

You do not eat or drink.
Your flesh is vulnerable to fire.
You are immune to poison.
Your flesh is cold resistant.
You are immune to negative energy.
You are immune to unholy pain and torment.
You can survive without breathing.


Message History

Casting: Magic Dart
Confirm with . or Enter, or press ? or * to list all spells.
Aiming: Magic Dart
Press: ? - help, Shift-Dir - straight line, f/p - bat
Aim: a bat The magic dart hits the bat.
You kill the bat!
You start resting.
You hear some strange, mumbled words.
A puff of flame appears from out of thin air!
The puff of flame hits you! The fire burns you terribly!
You hear some strange, mumbled words.
You see here a yellow potion.
Something hits you. Something hits you. Something hits you but does no damage.
A puff of flame appears from out of thin air!
The puff of flame hits you! The fire burns you terribly!
Ouch! That really hurt!
You die...

...[.# .....# .....#
.....# .....#
############# .....#
#.....!.....#
.....###.##..#####.#
....>....#...# #...#
.......####### #@###
....#....# #...#
..(.#....# ###.#
....#....# #.#
....#.############.#
....<.......##.†...#
....#.......##.#####
....#.......##.#
....+.......##.#


There were no monsters in sight!

Vanquished Creatures
  2 adders (D:2)
  2 giant geckos (D:2)
  2 giant cockroaches
  4 goblins
  3 hobgoblins (D:2)
  6 kobolds
  A quokka (D:2)
  8 bats
  3 giant newts
  6 rats
37 creatures vanquished.

Vanquished Creatures (others)
  A bush (D:2)
  A plant (D:2)
2 creatures vanquished.

Grand Total: 39 creatures vanquished

Notes
Turn   | Place    | Note
--------------------------------------------------------------
     0 | D:1      | st0uf the Mummy Wizard began the quest for the Orb.
     0 | D:1      | Reached XP level 1. HP: 13/13 MP: 4/4
   168 | D:1      | Reached skill level 1 in Conjurations
   966 | D:1      | Reached XP level 2. HP: 5/19 MP: 0/6
  2566 | D:2      | Reached XP level 3. HP: 24/24 MP: 4/7
  3093 | D:3      | Killed from afar by an orc wizard

Vault maps used:
D:1:      dpeg_arrival_long_road
D:2:      lexackson_kobold_supper
D:3:      lemuel_coloured_pillars_altar, first_bread, nicolae_ru_path_of_blood,
          uniq_jessica, uniq_grinder

Action                   || total
-------------------------++-------
Melee: Unarmed           ||    55
 Cast: Magic Dart        ||    93
